 Dungeon Crawl Stone Soup version 0.31.0-32-g396128a36d (webtiles) character file.

Game seed: 17736265099482575999

1764 Peloso the Carver (level 8, -7/71 HPs)
             Began as a Minotaur Fighter on Apr 22, 2024.
             Engulfed by a steam dragon's steam (8 damage)
             ... on level 8 of the Dungeon.
             The game lasted 00:07:37 (3934 turns).

Peloso the Carver (Minotaur Fighter)                Turns: 3934, Time: 00:07:38

Health: -7/71      AC: 10    Str: 23    XL:     8   Next: 79%
Magic:  7/7        EV:  9    Int:  5    God:
Gold:   283        SH:  5    Dex: 12    Spells: 7/7 levels left

rFire   . . .        a - +0 long sword (spect)
rCold   . . .        d - +0 buckler
rNeg    . . .        c - +0 chain mail
rPois   .            (helmet restricted)
rElec   .            (no cloak)
rCorr   .            (no gloves)
SInv    .            (no boots)
Will    .....        h - amulet of Ytaiz {+Blink Regen+ Str+2} Stlth
                     (no ring)
HPRegen 1.11/turn    (no ring)
MPRegen 0.10/turn

%: no passive effects
@: lethally poisoned (-7 -> -19)
A: horns 2, retaliatory headbutt, talons 1, mutation resistance 2, screaming 1
a: Evoke Blink


You were on level 8 of the Dungeon.
You visited 2 branches of the dungeon, and saw 8 of its levels.

You collected 283 gold pieces.

Inventory:

Hand Weapons
 a - a +0 spectral long sword (weapon)
Armour
 b - a +1 scale mail
 c - a +0 chain mail (worn)
 d - a +0 buckler (worn)
Jewellery
 h - the amulet of Ytaiz (around neck) {+Blink Regen+ Str+2}
   (You found it on level 4 of the Dungeon)

   [amulet of regeneration]

   Str+2:     It affects your strength (+2).
   +Blink:    It lets you blink.
   Regen+:    It increases your rate of health regeneration.
Talismans
 i - a serpent talisman
Wands
 o - a wand of flame (20)
 p - a wand of iceblast (12)
Scrolls
 f - 2 scrolls of teleportation
 n - a scroll of butterflies {unknown}
 q - a scroll of amnesia {unknown}
 r - a scroll of brand weapon
Potions
 e - a potion of might
 j - 3 potions of cancellation
 k - 2 potions of mutation
 l - 2 potions of heal wounds {unknown}


   Skills:
 + Level 6.4 Fighting
 + Level 8.8 Long Blades
 + Level 7.8 Armour
 + Level 2.9 Dodging
 + Level 1.2 Stealth
 + Level 5.8 Shields


You had 7 spell levels left.
You didn't know any spells.
Your spell library contained the following spells:

 Spells                   Type           Power      Damage    Failure   Level
 Necrotise                Necr           0%         1d4       97%         1
 Sandblast                Erth           0%         2d4       97%         1
 Passwall                 Erth           0%         N/A       100%        3
 Stone Arrow              Conj/Erth      0%         3d7       100%        3
 Vampiric Draining        Necr           0%         2d6       100%        3
 Brom's Barrelling Bould  Conj/Erth      0%         2d3       100%        4
 Martyr's Knell           Necr/Summ      0%         N/A       100%        4
 Curse of Agony           Necr           0%         N/A       100%        5


Dungeon Overview and Level Annotations

Branches:
Dungeon (6/15)             Temple (1/1) D:5

Altars:
Ashenzari
Cheibriados
Dithmenos
Elyvilon
Gozag
Hepliaklqana
Kikubaaqudgha
Nemelex Xobeh
Qazlal
Ru
Vehumet
Wu Jian
Xom
Zin
The Shining One

Shops:
D:2 :   D:4 ?


Innate Abilities, Weirdness & Mutations

You have a pair of horns on your head.
You reflexively headbutt those who attack you in melee.
You have sharp toenails.
You are somewhat resistant to both further mutation and mutation removal.
You occasionally shout uncontrollably at your foes.


Message History

You are poisoned.
The killer bee poisons you! The killer bee barely misses you.
The killer bee stings you but does no damage.
The killer bee closely misses you. You furiously retaliate!
You headbutt the killer bee! The killer bee stings you.
You barely miss the killer bee.
Your +0 spectral long sword hits the killer bee.
You feel very sick.
The killer bee stings you but does no damage.
The killer bee stings you.
* * * LOW HITPOINT WARNING * * *
You are more poisoned.
The killer bee poisons you!
The killer bee stings you but does no damage.
The killer bee completely misses you. The killer bee stings you.
* * * LOW HITPOINT WARNING * * *
You are lethally poisoned!
The killer bee poisons you! The killer bee stings you.
* * * LOW HITPOINT WARNING * * *
Unknown command.
You slash the killer bee! Your headbutt misses the killer bee.
The killer bee is almost dead.
Your +0 spectral long sword closely misses the killer bee.
Your surroundings suddenly seem different.
A steam dragon comes into view.
Found a +0 scale mail.
Found an escape hatch in the floor.
* * * LOW HITPOINT WARNING * * *
You feel very sick.
The steam dragon hisses angrily.
Your spectral weapon shares its damage with you!
* * * LOW HITPOINT WARNING * * *
The steam dragon breathes steam at you. The ball of steam hits you.
* * * LOW HITPOINT WARNING * * *
You hear a howl!
You hear an angry growl.
It was a potion of mutation.
You feel extremely strange.
You feel the urge to shout.
You feel genetically stable. x2
Your toenails lengthen and sharpen.
You are engulfed in a cloud of scalding steam.
You die...

#...# .
#...#
#.###...#
..>D..#
.....#
#§§§# #.§§#
#.§@# #.§.#
#...#
......
.......
..........
#.#.......
..........#


There were no monsters in sight!

Vanquished Creatures
  Grinder (D:5)
  A shadow (D:5)
  Edmund (D:5)
  A water moccasin (D:5)
  2 ogres
  A black bear (D:4)
  A centaur (D:5)
  2 phantoms (D:5)
  2 scorpions (D:5)
  3 killer bees (D:8)
  2 howler monkeys (D:4)
  A bombardier beetle (D:4)
  5 hounds (D:5)
  2 iguanas
  Robin (D:4)
  4 gnolls (D:4)
  3 adders
  2 ribbon worms
  3 dart slugs
  An orc (D:4)
  6 ball pythons
  6 endoplasms
  A giant cockroach (D:1)
  19 goblins
  7 hobgoblins
  9 jackals
  A quokka (D:3)
  3 bats (D:1)
  7 frilled lizards
  8 kobolds
  6 rats
112 creatures vanquished.

Notes
Turn   | Place    | Note
-------+----------+-------------------------------------------
     0 | D:1      | Peloso the Minotaur Fighter began the quest for the Orb.
     0 | D:1      | Reached XP level 1. HP: 19/19 MP: 0/0
   133 | D:1      | Reached XP level 2. HP: 22/27 MP: 1/1
   541 | D:1      | Reached skill level 1 in Dodging
  1106 | D:2      | Reached XP level 3. HP: 32/33 MP: 2/2
  1124 | D:2      | Found a faded altar of an unknown god.
  1228 | D:2      | Found Ovvat's Book Shop.
  1515 | D:3      | Reached skill level 3 in Long Blades
  1515 | D:3      | Reached XP level 4. HP: 40/40 MP: 3/3
  1597 | D:3      | Found an opulent altar of Gozag.
  1654 | D:3      | Found a snail-covered altar of Cheibriados.
  1654 | D:3      | Found a radiant altar of Vehumet.
  1662 | D:3      | Found a faded altar of an unknown god.
  1664 | D:3      | Found a faded altar of an unknown god.
  1666 | D:3      | Found a shadowy altar of Dithmenos.
  1813 | D:3      | Found a faded altar of an unknown god.
  1815 | D:3      | Found a faded altar of an unknown god.
  1815 | D:3      | Found a hazy altar of Hepliaklqana.
  2264 | D:4      | Found a shimmering altar of Xom.
  2265 | D:4      | Found a shimmering altar of Xom.
  2270 | D:4      | Reached skill level 5 in Armour
  2286 | D:4      | Reached XP level 5. HP: 38/47 MP: 4/4
  2288 | D:4      | Reached skill level 4 in Long Blades
  2551 | D:4      | Noticed a black bear
  2558 | D:4      | Killed a black bear
  2559 | D:4      | Reached XP level 6. HP: 49/53 MP: 5/5
  2565 | D:4      | Found a shimmering altar of Xom.
  2566 | D:4      | Found a shimmering altar of Xom.
  2566 | D:4      | Identified the amulet of Ytaiz {+Blink Regen+ Str+2}
  2571 | D:4      | Found a shimmering altar of Xom.
  2573 | D:4      | Found a shimmering altar of Xom.
  2681 | D:4      | Noticed Robin
  2684 | D:4      | Killed Robin
  2872 | D:4      | Found a transporter.
  2872 | D:4      | Found Nalesuad's Magic Scroll Shoppe.
  2929 | D:4      | Reached skill level 5 in Long Blades
  3114 | D:4      | Found a transporter.
  3215 | D:5      | Entered Level 5 of the Dungeon
  3221 | D:5      | Reached skill level 5 in Fighting
  3221 | D:5      | Reached XP level 7. HP: 60/61 MP: 6/6
  3271 | D:5      | Reached skill level 6 in Long Blades
  3290 | D:5      | Found a staircase to the Ecumenical Temple.
  3297 | D:5      | Reached skill level 5 in Shields
  3305 | Temple   | Entered the Ecumenical Temple
  3317 | D:5      | Noticed a shadow
  3326 | D:5      | Killed a shadow
  3327 | D:5      | Reached skill level 7 in Long Blades
  3327 | D:5      | Reached XP level 8. HP: 68/70 MP: 7/7
  3340 | D:5      | Noticed Grinder
  3346 | D:5      | Paralysed by Grinder for 3 turns
  3356 | D:5      | Killed Grinder
  3357 | D:5      | Reached skill level 1 in Stealth
  3389 | D:5      | Reached skill level 8 in Long Blades
  3540 | D:5      | Found a sacrificial altar of Ru.
  3542 | D:5      | Noticed Edmund
  3556 | D:5      | Killed Edmund
  3731 | D:5      | Found a white marble altar of Elyvilon.
  3890 | D:6      | You fall into a shaft and drop 2 floors!
  3933 | D:8      | HP: 1/71 [steam dragon/ball of steam (6)]
  3934 | D:8      | Gained mutation: You occasionally shout uncontrollably at
                  | your foes. [potion of mutation]
  3934 | D:8      | Gained mutation: You are somewhat resistant to further
                  | mutation. [potion of mutation]
  3934 | D:8      | Gained mutation: You are somewhat resistant to both further
                  | mutation and mutation removal. [potion of mutation]
  3934 | D:8      | Gained mutation: You have sharp toenails. [potion of
                  | mutation]
  3934 | D:8      | Engulfed by a steam dragon's steam

Illustrated notes

Levels and vault maps discovered:
D:1:      dpeg_arrival_simpleton_c, layout_basic, minmay_misc_feat_more_columns
D:2:      layout_rooms, serial_rivers, chequers_serial_rivers_micro_d,
          chequers_serial_rivers_small_b, chequers_serial_rivers_marsh,
          chequers_serial_rivers_room_b, basic_ecumenical_altar, serial_shops,
          shop
D:3:      layout_rooms, nicolae_hepliaklqana_ecumenical_no_more,
          mainiacjoe_overflow_alcove_2, chequers_temple_overflow_minitemple
D:4:      kennysheep_goblin_castle, layout_basic, xom_redecorated, serial_shops,
          nicolae_shop_drivethru
D:5:      layout_cave_pools, nicolae_ru_sacrificial_ziggurat,
          nicolae_elyvilon_peaceful_grove, minmay_temple_entry_mini_moons,
          minmay_crossroads, uniq_grinder, uniq_edmund
D:6:      minmay_chambers_of_fours, layout_gridville, yredelemnul_altar_generic,
          pf_just_have_faith, uniq_maggie
D:8:      layout_rooms, hangedman_decor_slide_cut, uniq_grum
Temple:   nicolae_temple_superstar

Skill      XL: |  1  2  3  4  5  6  7  8 |
---------------+-------------------------+-----
Armour         | 4 5 6 7 |  7.8
Fighting       | 4 5 6 |  6.4
Dodging        | 1 2 |  2.9
Shields        | 4 5 |  5.8
Long Blades    | 3 4 5 7 8 |  8.8
Stealth        | 1 |  1.2

Action                     |  1- 3 |  4- 6 |  7- 9 || total
---------------------------+-------+-------+-------++-------
  Melee: Long sword        |    71 |    97 |    81 ||   249
         Headbutt          |     7 |    12 |     9 ||    28
    Use: Scroll            |     5 |     3 |     2 ||    10
         Potion            |       |       |     2 ||     2
   Stab: Distracted        |       |     1 |     1 ||     2
 Armour: Scale mail        |    61 |    22 |       ||    83
         Chain mail        |       |    63 |    99 ||   162
  Dodge: Dodged            |    37 |    57 |    47 ||   141
  Block: Buckler           |    17 |    26 |    33 ||    76
